 Dungeon Crawl Stone Soup version 0.17-a0-1719-g1afd5a1 (webtiles) character file.

1318 Malak the Summoner (level 8, -7/41 HPs)
             Began as a Deep Elf Summoner on Aug 27, 2015.
             Was a Follower of Sif Muna.
             Mangled by a gnoll
             ... wielding a +0 spear
              (8 damage)
             ... on level 8 of the Dungeon.
             The game lasted 01:00:11 (6308 turns).

Malak the Summoner (Deep Elf Summoner)              Turns: 6308, Time: 01:00:11

Health: -7/41      AC:  6    Str:  5    XL:     8   Next: 33%
Magic:  3/21       EV:  9    Int: 25    God:    Sif Muna [*.....]
Gold:   432        SH:  0    Dex: 15    Spells: 5 memorised, 8 levels left

rFire  + . .     SeeInvis .     r - +1 dagger (venom)
rCold  . . .     Clarity  .     D - +2 robe {rF+}
rNeg   . . .     SustAt   .     (no shield)
rPois  .         Gourm    .     (no helmet)
rElec  .         Spirit   .     t - +0 cloak
rCorr  .         Warding  .     d - +0 pair of gloves
rMut   .         Rnd*Tele +     (no boots)
MR     .....                    (no amulet)
Stlth  +++.......               h - ring of teleportation (curse)
                                o - +2 ring of intelligence

@: not resistant to hostile enchantments, fairly stealthy
A: no striking features
a: Channel Energy, Renounce Religion, Evoke Teleportation


You were on level 8 of the Dungeon.
You worshipped Sif Muna.
Sif Muna was aware of your devotion.
You were not hungry.

You visited 2 branches of the dungeon, and saw 9 of its levels.

You collected 432 gold pieces.

Inventory:

Hand weapons
 i - a +0 dagger
 r - a +1 dagger of venom (weapon)
 w - a +0 vampiric long sword
Armour
 d - a +0 pair of gloves (worn)
 g - a +0 robe
 t - a +0 cloak (worn)
 D - a +2 robe of fire resistance (worn)
Jewellery
 e - an uncursed ring of fire
 h - a cursed ring of teleportation (right hand)
 k - an uncursed ring of protection from cold
 o - a +2 ring of intelligence (left hand)
Magical devices
 f - a wand of fire (5)
 E - a wand of enslavement (5)
Scrolls
 a - 3 scrolls of magic mapping
 j - 3 scrolls of immolation
 l - 2 scrolls of blinking
 m - 3 scrolls of identify
 v - 2 scrolls of fog
 x - a scroll of noise
 y - a scroll of amnesia
 z - a scroll of random uselessness
 A - 2 scrolls of teleportation
 I - a scroll of remove curse
Potions
 n - a potion of curing
 p - a potion of brilliance
 s - 5 potions of poison
 u - a potion of mutation
 C - 3 potions of degeneration
 F - a potion of magic {unknown}
Books
 b - a book of Callings

   Spells                             Type                      Level
   a - Summon Small Mammal            Summoning                    1
   b - Call Imp                       Summoning                    2
   c - Call Canine Familiar           Summoning                    3
   d - Summon Guardian Golem          Hexes/Summoning              3
   e - Summon Lightning Spire         Summoning/Air                4
   f - Summon Ice Beast               Ice/Summoning                4
Comestibles
 c - 6 bread rations
 q - 3 meat rations
 B - 5 fruits
 G - a slice of pizza
 H - 4 chunks of flesh


   Skills:
 + Level 4.4 Dodging
 + Level 4.2 Stealth
 + Level 7.6 Spellcasting
 * Level 8.9 Summonings
 - Level 2.2 Air Magic
 + Level 0.2 Evocations


You had 8 spell levels left.
You knew the following spells:

 Your Spells              Type           Power        Failure   Level  Hunger
a - Summon Small Mammal   Summ           ####         1%          1    None
b - Call Imp              Summ           ######..     1%          2    None
c - Call Canine Familiar  Summ           ######..     1%          3    None
d - Summon Lightning Spi  Summ/Air       #####...     8%          4    ##.....
e - Summon Ice Beast      Ice/Summ       ####....     12%         4    ##.....


Dungeon Overview and Level Annotations

Branches:
Dungeon (8/15)             Temple (1/1) D:6            Lair (0/8) D:8

Altars:
Ashenzari
Cheibriados
Dithmenos
Elyvilon
Fedhas
Gozag
Kikubaaqudgha
Makhleb
Nemelex Xobeh
Okawaru
Qazlal
Ru
Sif Muna
Trog
Vehumet
Yredelemnul
The Shining One


Message History

Your white imp gestures at the porcupine.
The puff of frost hits the porcupine.
The porcupine bites you.
* * * LOW HITPOINT WARNING * * *
The porcupine closely misses you.
Your white imp hits the porcupine.
Your white imp freezes the porcupine.
The porcupine bites your white imp!
Your white imp dies!
You see here a river rat corpse.
Your crimson imp blinks!
You swap places.
The porcupine barely misses your crimson imp.
The porcupine bites your crimson imp! The porcupine misses your crimson imp.
Your crimson imp blinks!
The gnoll hits you with a spear.
* * * LOW HITPOINT WARNING * * *
There is a staircase to the Lair, spattered with blood here.
The gnoll hits you with a spear!
You die...

############ #...†........
...........####....†.......
...........................
..................####....#
.................## #..#..
................## #...##.
................# #..#.# #
............§...# #.##..
###.##....@r....# #. ###.
#. #....g.....# .. . #
#...........##
#.......5....#
#..........#...
............###.
#..............
##...#..#.....#


You could see a porcupine, a gnoll and a friendly crimson imp.

Vanquished Creatures
  A scorpion (D:5)
  3 crimson imps
  A hound (D:6)
  An orc wizard (D:3)
  An adder skeleton (D:4)
  A hobgoblin (D:3)
  A jackal (D:3)
  A quokka (D:3)
  3 bats
  A giant cockroach (D:3)
  A goblin (D:2)
  A kobold (D:2)
  3 rats
19 creatures vanquished.

Vanquished Creatures (collateral kills)
  2 hippogriffs (D:7)
  A spatial vortex (D:7)
  A necrophage (D:7)
  2 ogres
  A phantom (D:5)
  A centaur (D:8)
  A giant frog (D:7)
  A gnoll sergeant (D:8)
  3 scorpions
  5 killer bees (D:7)
  A water moccasin skeleton (D:7)
  A crimson imp (D:8)
  A hound (D:4)
  7 orc wizards
  A jelly (D:6)
  A giant frog skeleton (D:5)
  A wasp zombie (D:6)
  Jessica (D:2)
  3 orc priests
  4 worker ants
  A hound zombie (D:5)
  A river rat (D:8)
  5 gnolls
  8 adders
  4 shadow imps
  2 adder skeletons
  2 worms
  2 giant geckos (D:5)
  19 orcs
  5 bats
  6 giant cockroaches
  9 hobgoblins
  9 jackals
  8 kobolds
  6 quokkas
  2 ball pythons
  A giant cockroach zombie (D:5)
  A giant gecko skeleton (D:5)
  7 giant newts
  2 goblins
  7 rats
146 creatures vanquished.

Vanquished Creatures (others)
  A porcupine (D:8)
  2 orc wizards
  A quokka (D:8)
4 creatures vanquished.

Grand Total: 169 creatures vanquished

Notes
Turn   | Place    | Note
--------------------------------------------------------------
     0 | D:1      | Malak the Deep Elf Summoner began the quest for the Orb.
     0 | D:1      | Reached XP level 1. HP: 10/10 MP: 6/6
   175 | D:1      | Reached XP level 2. HP: 10/15 MP: 2/8
   185 | D:1      | Learned a level 2 spell: Call Imp
   930 | D:2      | Noticed Jessica
   949 | D:2      | Killed Jessica
   949 | D:2      | Reached skill level 5 in Summonings
   949 | D:2      | Reached XP level 3. HP: 6/19 MP: 4/9
   954 | D:2      | Learned a level 3 spell: Call Canine Familiar
  1300 | D:2      | Found a radiant altar of Vehumet.
  1880 | D:3      | Reached XP level 4. HP: 8/24 MP: 4/12
  1979 | D:3      | Learned a level 4 spell: Summon Lightning Spire
  2467 | D:3      | Reached skill level 1 in Air Magic
  2577 | D:3      | Found a shadowy altar of Dithmenos.
  2592 | D:3      | Reached XP level 5. HP: 28/28 MP: 10/13
  2982 | D:4      | Reached skill level 6 in Summonings
  3541 | D:5      | Entered Level 5 of the Dungeon
  3548 | D:5      | Reached XP level 6. HP: 32/32 MP: 7/14
  3554 | D:5      | Learned a level 4 spell: Summon Ice Beast
  3613 | D:5      | Noticed an ogre
  3621 | D:5      | Killed an ogre
  3700 | D:5      | Reached skill level 5 in Spellcasting
  4033 | D:5      | Found an iron altar of Okawaru.
  4297 | D:5      | Found an iron altar of Okawaru.
  4299 | D:5      | Found a shattered altar of Ashenzari.
  4299 | D:5      | Found a blossoming altar of Fedhas.
  4375 | D:5      | Noticed a phantom
  4396 | D:5      | Killed a phantom
  4396 | D:5      | Reached skill level 7 in Summonings
  4396 | D:5      | Reached XP level 7. HP: 36/36 MP: 15/17
  4696 | D:6      | Found a bloodstained altar of Trog.
  5161 | D:6      | Found a staircase to the Ecumenical Temple.
  5179 | Temple   | Entered the Ecumenical Temple
  5220 | Temple   | Became a worshipper of Sif Muna the Loreminder
  5469 | D:7      | Reached skill level 8 in Summonings
  5713 | D:7      | Reached XP level 8. HP: 36/41 MP: 20/20
  6129 | D:8      | Acquired Sif Muna's first power
  6159 | D:8      | Found a staircase to the Lair.
  6270 | D:8      | HP: 2/41 [gnoll/spear (5)]
  6307 | D:8      | HP: 1/41 [gnoll/spear (6)]
  6308 | D:8      | Mangled by a gnoll

Vault maps used:
D:1:      mrwooster_arrival_statue, serial_bayou_pond_c, minmay_surrounded
D:2:      lemuel_crystal_altar, uniq_jessica
D:3:      grunt_dithmenos_smoke_and_mirrors
D:4:      first_bread
D:5:      nicolae_overflow_hidden_temple, hangedman_decor_opposing,
          grunt_ministairs_9, minmay_bad_closet, okawaru_altar_gauntlet_db
D:6:      overflow_temple_1_default, minmay_temple_entry_grid,
          hangedman_abyss_or_decor_stabs
D:7:      serial_glass, glass_columns_b, glass_columns_a, item_on_display_a,
          feat_on_display, feat_on_display
D:8:      grunt_temple_overflow_order_and_chaos_1, dpeg_lair_monsters,
          hangedman_ranch
Temple:   circular_temple_12

Action                   |  1- 3 |  4- 6 |  7- 9 || total
-------------------------+-------+-------+-------++-------
Melee: Dagger            |    23 |    38 |    20 ||    81
 Cast: Summon Small Mamm |    12 |       |       ||    12
       Call Imp          |    18 |    19 |    24 ||    61
       Call Canine Famil |     7 |    19 |    19 ||    45
       Summon Lightning  |       |     5 |     7 ||    12
Evoke: Wand              |       |       |     5 ||     5
  Use: Potion            |       |     2 |     4 ||     6
       Scroll            |       |     2 |    14 ||    16
 Stab: Sleeping          |     2 |     2 |       ||     4
  Eat: Chunk             |     3 |     9 |     1 ||    13
       Beef jerky        |     1 |       |       ||     1
       Bread ration      |       |       |     1 ||     1
       Royal jelly       |       |       |     1 ||     1
